 Dungeon Crawl Stone Soup version 0.28-a0-384-g9e0c098162 (webtiles) character file.

Game seed: 9532559791286045409

4 aSlayers the Insei (level 1, -1/13 HPs)
             Began as an Octopode Transmuter on Sept 2, 2021.
             Slain by a hobgoblin (3 damage)
             ... on level 1 of the Dungeon.
             The game lasted 00:00:46 (190 turns).

aSlayers the Insei (Octopode Transmuter)             Turns: 190, Time: 00:00:47

Health: -1/13      AC:  1    Str:  9    XL:     1   Next: 70%
Magic:  2/3        EV: 13    Int: 15    God:
Gold:   0          SH:  0    Dex: 12    Spells: 3/4 levels left

rFire   . . .      SeeInvis .     - Unarmed
rCold   . . .      Faith    .   (no shield)
rNeg    . . .      Spirit   .   (helmet currently unavailable)
rPois   .          Reflect  .   (no amulet)
rElec   .          Harm     .   (no ring)
rCorr   .          Rampage  .   (no ring)
Will    .....                   (no ring)
Stlth   ++........              (no ring)
HPRegen 0.04/turn               (no ring)
MPRegen 0.08/turn               (no ring)
                                (no ring)
                                (no ring)

@: appendages (expiring)
A: tentacle spike 3, almost no armour, amphibious, 8 rings, camouflage 1,
gelatinous body 1, (nimble swimmer 1), tentacles
a: End Transformation


You were on level 1 of the Dungeon.
One of your tentacles had grown a beastly spike.
You visited 1 branch of the dungeon, and saw 1 of its levels.

Inventory:

Scrolls
 a - a scroll of vulnerability {unknown}


   Skills:
 + Level 1.0 Fighting
 + Level 2.1 Dodging
 + Level 3.0 Unarmed Combat
 + Level 2.2 Spellcasting
 + Level 2.0 Transmutations


You had 3 spell levels left.
You knew the following spells:

 Your Spells              Type           Power      Damage    Failure   Level
a - Beastly Appendage     Tmut           14%        N/A       10%         1

Your spell library contained the following spells:

 Spells                   Type           Power      Damage    Failure   Level
 Wereblood                Tmut           7%         N/A       14%         2
 Spider Form              Tmut/Pois      2%         N/A       41%         3
 Ice Form                 Ice/Tmut       4%         N/A       82%         4


Dungeon Overview and Level Annotations

Branches:
Dungeon (1/15)

Altars:


Innate Abilities, Weirdness & Mutations

One of your tentacles has grown a beastly spike.
You cannot wear most types of armour.
You are amphibious.
You can wear up to eight rings at the same time.
Your skin changes colour to match your surroundings (Stealth+).
Your rubbery body absorbs attacks. (AC +1, EV +1)
((You are camouflaged near water. (Stealth+)))
You have tentacles for arms and can constrict up to eight enemies at once.


Message History

Confirm with . or Enter, or press ? or * to list all spells.
You miscast Beastly Appendage.
You are very lightly contaminated with residual magic.
Nothing appears to happen.
Found 6 gold pieces.
A hobgoblin comes into view.
Found 9 gold pieces.
A bat comes into view.
The endoplasm quivers.
You see here a ring of ice.
Sorry, you're not good enough to have a special ability.
Casting: Beastly Appendage (safe; 10% risk of failure)
Confirm with . or Enter, or press ? or * to list all spells.
One of your tentacles grows a vicious spike.
The endoplasm freezes you.
You are frozen.
You barely miss the endoplasm. You squeeze the endoplasm.
You kill the endoplasm!
The bat barely misses you.
Your magical contamination has completely faded away.
The hobgoblin shouts!
The bat hits you.
A giant cockroach comes into view.
Your transformation is almost over.
The bat hits you but does no damage. The bat hits you.
The bat hits you but does no damage.
You miss the bat. You grab the bat.
Your tentacle spike misses the bat.
You tentacle-slap the bat.
You kill the bat!
A dart slug comes into view.
You tentacle-slap the hobgoblin but do no damage.
You grab the hobgoblin.
You pierce the hobgoblin.
You squeeze the hobgoblin, but do no damage.
The hobgoblin is moderately wounded.
You constrict the hobgoblin. The hobgoblin barely misses you.
The dart slug launches a dart at you. The slug dart hits you.
* * * LOW HITPOINT WARNING * * *
You release your grip on the hobgoblin.
The hobgoblin hits you.
You die...

.......##w###..
................
#...............
................
$...............
................
........B..$....
........g.......
........@........
.................
.........=.......
............##.##
................#
..........####..#
...........######
.###.........#####
#.............#######


You could see a giant cockroach and a hobgoblin.

Vanquished Creatures
  An endoplasm (D:1)
  A giant cockroach (D:1)
  2 bats (D:1)
4 creatures vanquished.

Notes
Turn   | Place    | Note
-------+----------+-------------------------------------------
     0 | D:1      | aSlayers the Octopode Transmuter began the quest for the
                  | Orb.
     0 | D:1      | Reached XP level 1. HP: 13/13 MP: 3/3
     6 | D:1      | Noticed a wyvern
     6 | D:1      | Noticed a black bear
     6 | D:1      | Noticed a black mamba
     7 | D:1      | Noticed a killer bee
     7 | D:1      | Noticed a komodo dragon
   190 | D:1      | Slain by a hobgoblin

Illustrated notes

Levels and vault maps discovered:
D:1:      onia_arrival_zoo_common, layout_rooms,
          shapermc_ecumenical_altar_flowoftime

Action                   || total
-------------------------++-------
Melee: Unarmed           ||     7
       Constrict         ||     3
       Tentacles         ||     3
       Kick              ||     2
       Punch             ||     1
 Cast: Beastly Appendage ||     3
Armor: Skin              ||     5
Dodge: Dodged            ||     3

Table legend: (Time is in decaauts)
 A = Elapsed time spent in this place.
 B = Non-inter-level travel time spent in this place.
 C = Inter-level travel time spent in this place.
 D = Time resting spent in this place.
 E = Time spent auto-exploring this place.
 F = Levels seen in this place.
 G = Mean time per level.
                   A        B        C        D        E       F      G
               +--------+--------+--------+--------+--------+-----+--------+
         Total |    189 |    189 |      0 |      0 |    149 |   1 |  189.0 |
       Dungeon |    189 |    189 |      0 |      0 |    149 |   1 |  189.0 |
               +--------+--------+--------+--------+--------+-----+--------+

Top non-repeatable levels by time:
     D:1: 189 daAuts
